AoeStats
← Crazy_Owl

Migration

509621207Analyzed
1v1 RM · 5d ago on Sep 27, 2026· 43m 8s· 2 players
Game mode
Random Map
Map size
132×132
Population
200
Speed
Normal
Resources
Standard
Victory
Conquest
Starting age
Dark Age
Ending age
Imperial Age
RankedLock teamsTeams togetherTeam positionsShared explorationLock speedFull tech treeHidden civsTurbo modeCheats
Victory
Defeat
🇳🇱 Goths · Netherlands
917
+17
🇪🇸 Italians · Spain
928
-17
Crazy_Owl
9:08 Loom
11:08 Feudal Age
11:43 Double-Bit Axe
13:26 Wheelbarrow
16:52 Castle Age
15:03 Fishing Lines
20:48 Bow Saw
20:23 Horse Collar
21:38 Man-at-Arms
22:20 Squires
22:47 Heavy Plow
28:40 Fletching
30:07 Scale Mail Armor
30:32 Forging
31:21 Chain Mail Armor
32:17 Hand Cart
31:59 Gold Mining
32:00 Stone Mining
33:01 Anarchy
33:08 Long Swordsman
34:47 Iron Casting
39:47 Imperial Age
39:40 Bodkin Arrow
40:34 Stone Shaft Mining
40:20 Elite Huskarl
42:11 Blast Furnace
41:29 Bracer
42:39 Two-Handed Swordsman
Topper Harley
9:05 Loom
10:59 Feudal Age
13:53 Double-Bit Axe
15:24 Wheelbarrow
14:21 Man-at-Arms
14:56 Horse Collar
15:11 Fishing Lines
16:13 Town Watch
23:31 Castle Age
23:07 Gold Mining
23:08 Stone Mining
23:15 Stone Mining
23:47 Crossbowman
24:35 Thumb Ring
25:06 Long Swordsman
25:46 Squires
26:28 Bow Saw
28:37 Stone Shaft Mining
28:19 Fletching
30:20 Ballistics
31:48 Heavy Plow
33:00 Treadmill Crane
34:20 Hand Cart
35:29 Town Patrol
38:17 Imperial Age
38:29 Arbalester
40:22 Chemistry
39:18 Murder Holes
39:56 Crop Rotation
40:28 Two-Man Saw
39:32 Padded Archer Armor
39:46 Bodkin Arrow
42:15 Bracer
Connection lost

Rejoining the realm…

Still unreachable

The connection could not be restored.

Session expired

The server has moved on; the page needs a fresh start.